 Dungeon Crawl Stone Soup version 0.31-a0-700-gf13585253f (webtiles) character file.

Game seed: 17456592139410533017

45 qw the Shooter (level 3, 0/22 HPs)
             Began as a Gargoyle Hunter on Sept 7, 2023.
             Hit by a goblin thrown by Robin (3 damage)
             ... on level 2 of the Dungeon.
             The game lasted 00:00:19 (896 turns).

qw the Shooter (Gargoyle Hunter)                     Turns: 896, Time: 00:00:19

Health: 0/22       AC:  6    Str: 14    XL:     3   Next: 64%
Magic:  3/3        EV: 11    Int:  9    God:
Gold:   79         SH:  0    Dex: 15    Spells: 2/2 levels left

rFire   . . .        Y - +0 shortbow
rCold   . . .        (shield currently unavailable)
rNeg    + . .        c - +0 leather armour
rPois   inf          (no helmet)
rElec   +            (no cloak)
rCorr   +            (no gloves)
SInv    .            (no boots)
Will    .....        (no amulet)
Stlth   ++           i - ring of resist corrosion
HPRegen 0.23/turn    (no ring)
MPRegen 0.08/turn

%: no passive effects
@: no status effects
A: sickness immunity, AC +3, negative energy resistance 1, electricity
resistance, torment resistance 1, petrification resistance
a: no special abilities


You were on level 2 of the Dungeon.
You visited 1 branch of the dungeon, and saw 2 of its levels.

You collected 79 gold pieces.


Innate Abilities, Weirdness & Mutations

You are immune to sickness and miasma.
Your stone body is resilient. (AC +3)
You are immune to poison.
You resist negative energy. (rN+)
You are resistant to electric shocks. (rElec)
You are resistant to unholy torment.
You are immune to petrification.


   Skills:
 + Level 2.8 Fighting
 - Level 5.0 Ranged Weapons
 - Level 1.5 Dodging
 - Level 1.1 Stealth


You had 2 spell levels left.
You didn't know any spells.
Your spell library was empty.

Inventory:

Hand Weapons
 Y - a +0 shortbow (weapon)
Armour
 c - a +0 leather armour (worn)
Jewellery
 i - a ring of resist corrosion (left hand)
Potions
 g - a potion of attraction {unknown}
 h - a potion of might {unknown}

Dungeon Overview and Level Annotations

Branches:
Dungeon (2/15)

Altars:
Vehumet

Annotations:
D:2 Robin


Message History

The goblin is moderately wounded.
The goblin hits you with a +0 club. The goblin hits you with a +0 dagger.
You shoot an arrow. The arrow completely misses the goblin.
The goblin hits you with a +0 dagger. The goblin hits you but does no damage.
You shoot an arrow. The arrow barely misses the goblin.
The goblin barely misses you. The goblin hits you with a +0 dagger.
You shoot an arrow. The arrow closely misses the goblin.
The goblin hits you with a +0 club. The goblin closely misses you.
You shoot an arrow. The arrow closely misses the goblin.
The goblin barely misses you. The goblin hits you but does no damage.
You shoot an arrow. The arrow hits the goblin.
The goblin is heavily wounded.
The goblin hits you with a +0 club. The goblin hits you with a +0 dagger.
The goblin hits you but does no damage. x2
You shoot an arrow. The arrow hits the goblin!
You kill the goblin!
The goblin no longer looks unusually strong. x3
The goblin misses you. Robin throws the goblin at you!
The goblin completely misses you.
You shoot an arrow.
The arrow hits the goblin but does no damage.
The goblin closely misses you. The goblin hits you but does no damage.
You shoot an arrow. The arrow closely misses the goblin.
The goblin no longer looks unusually strong.
The goblin hits you but does no damage. The goblin closely misses you.
You shoot an arrow.
The arrow hits the goblin but does no damage.
The goblin hits you but does no damage. The goblin barely misses you.
You shoot an arrow. The arrow hits the goblin.
The goblin is severely wounded.
Robin roars a battlecry!
The goblins go into a battle-frenzy!
The goblin hits you but does no damage. The goblin closely misses you.
You shoot an arrow. The arrow hits the goblin.
You kill the goblin!
The goblin no longer looks unusually strong.
The hobgoblin no longer looks unusually strong.
The goblin closely misses you. Robin throws the goblin at you!
You die...
Robin calls out, "Let's celebrate!
Time for a feast!" #.........# +.........+ ......... ....... .g)g. ggg

#g# #@# #g#####
##.....#
##...##.#
#.....#.#
##...##.#######.
.......|........
####.###.########
#.###.#


You could see Robin, a hobgoblin and 5 goblins.

Vanquished Creatures
  An adder (D:2)
  5 bats (D:1)
  4 endoplasms
  5 goblins
  2 hobgoblins
  5 kobolds (D:1)
  A quokka (D:1)
  5 ball pythons
  3 frilled lizards (D:1)
  3 rats
34 creatures vanquished.

Notes
Turn   | Place    | Note
-------+----------+-------------------------------------------
     0 | D:1      | qw the Gargoyle Hunter began the quest for the Orb.
     0 | D:1      | Reached XP level 1. HP: 12/12 MP: 1/1
     0 | D:1      | 0 ||| qw: Version: 0.3-a-76-g4403597
     0 | D:1      | 0 ||| qw: Game counter: 657
     0 | D:1      | 0 ||| qw: Melee chars always use a shield: true
     0 | D:1      | 0 ||| qw: God list: Okawaru
     0 | D:1      | 0 ||| qw: Allow faded altars: false
     0 | D:1      | 0 ||| qw: Do Orc after clearing Dungeon:15 true
     0 | D:1      | 0 ||| qw: Do second Lair branch before Depths: true
     0 | D:1      | 0 ||| qw: Lair rune preference: random
     0 | D:1      | 0 ||| qw: Goals: Normal
     0 | D:1      | 0 ||| PLANNING D:1-11
    95 | D:1      | Reached XP level 2. HP: 17/17 MP: 2/2
   565 | D:1      | Reached XP level 3. HP: 21/21 MP: 3/3
   639 | D:1      | Reached skill level 5 in Ranged Weapons
   678 | D:1      | 678 ||| UPGRADING to ring of resist corrosion.
   679 | D:1      | 679 ||| READING scroll labelled YNKY KASMEFAUG.
   680 | D:1      | 680 ||| READING scroll labelled KIPSUE CICIRO.
   681 | D:1      | 681 ||| READING scroll labelled ROMOPHIATT.
   686 | D:1      | 686 ||| DROPPING scroll of butterflies.
   735 | D:2      | Found a radiant altar of Vehumet.
   880 | D:2      | Noticed Robin
   890 | D:2      | HP: 4/22 [goblin/+0 club[Robin] (3)]
   890 | D:2      | HP: 1/22 [goblin/+0 dagger[Robin] (3)]
   896 | D:2      | Hit by a goblin thrown by Robin

Levels and vault maps discovered:
D:1:      eino_arrival_druids_welcome, layout_basic, minmay_misc_feat_roman
D:2:      layout_loops_corners, basic_altar, uniq_robin

Skill      XL: |  1  2  3 |
---------------+----------+-----
Ranged Weapons | 5 |  5.0
Fighting       | |  2.8
Dodging        | |  1.5
Stealth        | |  1.1

Action                     || total
---------------------------++-------
   Fire: Shortbow          ||    78
    Use: Scroll            ||     3
 Armour: Leather armour    ||    33
  Dodge: Dodged            ||    25

Table legend:
 A = Non-vault XP
 B = Vault XP
 C = Vault XP percentage of total XP
 D = Non-vault monster count
 E = Vault monster count
 F = Vault count percentage of total count
                 A         B        C        D         E       F
            +---------+---------+-------+---------+---------+-------
      Total |      57 |       9 |  13.6 |      29 |       5 |  14.7
            +---------+---------+-------+---------+---------+-------
        D:1 |      39 |       0 |   0.0 |      25 |       0 |   0.0
        D:2 |      18 |       9 |  33.3 |       4 |       5 |  55.6
            +---------+---------+-------+---------+---------+-------
